 Dungeon Crawl Stone Soup version 0.27.1-2-g3b301248ec (webtiles) character file.

Game seed: 13651579680526501198

670 Kinoniko the Chopper (level 7, -4/78 HPs)
             Began as a Demonspawn Berserker on Sept 28, 2021.
             Was an Elder of Trog.
             Slain by an orc warrior (6 damage)
             ... on level 6 of the Dungeon.
             The game lasted 00:04:11 (6024 turns).

Kinoniko the Chopper (Demonspawn Berserker)         Turns: 6024, Time: 00:04:11

Health: -4/78      AC: 11    Str: 19    XL:     7   Next: 32%
Magic:  7/7        EV:  9    Int:  9    God:    Trog [****..]
Gold:   147        SH:  0    Dex: 12    Spells: 6/6 levels left

rFire    . . .     SeeInvis .   o - +0 war axe
rCold    . . .     Faith    .   (no shield)
rNeg     . . .     Spirit   .   k - +0 chain mail
rPois    .         Reflect  .   t - +1 hat
rElec    .         Harm     .   (no cloak)
rCorr    .         Rampage  .   i - +1 pair of gloves
Will     .....                  (no boots)
Stlth    ..........             (no amulet)
HPRegen  0.23/turn              (no ring)
MPRegen  0.10/turn              (no ring)

@: berserking, very quick
A: talons 2, repulsion field 1
a: Renounce Religion, Berserk, Trog's Hand, Brothers in Arms


You were on level 6 of the Dungeon.
You worshipped Trog.
Trog was greatly pleased with you.
You visited 1 branch of the dungeon, and saw 6 of its levels.

You collected 147 gold pieces.

Inventory:

Hand Weapons
 a - a +0 hand axe
 o - a +0 war axe (weapon)
 s - a +4 flail
Armour
 b - a +0 animal skin
 h - a +0 ring mail
 i - a +1 pair of gloves (worn)
 k - a +0 chain mail (worn)
 t - a +1 hat (worn)
Jewellery
 n - a ring of ice
Scrolls
 d - 3 scrolls of fog
 e - a scroll of blinking
 l - a scroll of immolation
 m - a scroll of holy word
 p - a scroll of identify
 r - a scroll of fear
Potions
 c - a potion of curing {unknown}
 f - a potion of brilliance {unknown}
 g - 3 potions of flight {unknown}
 j - a potion of might {unknown}
 q - a potion of lignification {unknown}


   Skills:
 - Level 3.0 Fighting
 * Level 7.9 Axes
 - Level 1.7 Armour
 - Level 1.7 Dodging


You had 6 spell levels left.
You didn't know any spells.
Your spell library was empty.

Dungeon Overview and Level Annotations

Branches:
Dungeon (6/15)             Temple (0/1) D:4

Altars:
Cheibriados
Kikubaaqudgha
Makhleb
The Shining One


Innate Abilities, Weirdness & Mutations

You have razor-sharp toenails.
You are surrounded by a mild repulsion field. (EV +2)


Message History

The orc shouts!
An orc warrior comes into view. It is wielding a +2 vorpal battleaxe.
You slash the orc!
You kill the orc!
Trog accepts your kill. The orc hits you with a +0 club.
Things that are here:
a +0 hand axe; a +0 leather armour You slash the orc!
You kill the orc!
Trog accepts your kill.
You closely miss the orc warrior. The orc warrior barely misses you.
You hit the orc warrior. Your kick misses the orc warrior.
The orc warrior is lightly wounded.
The orc warrior misses you.
You barely miss the orc warrior. Your kick misses the orc warrior.
The orc warrior is lightly wounded.
The orc warrior hits you with a +2 vorpal battleaxe.
You closely miss the orc warrior.
You claw the orc warrior, but do no damage.
The orc warrior is lightly wounded.
The orc warrior hits you but does no damage.
You closely miss the orc warrior. Your kick misses the orc warrior.
The orc warrior is lightly wounded.
The orc warrior hits you with a +2 vorpal battleaxe!
An orc comes into view. It is wielding a +0 club.
The orc shouts!
You completely miss the orc warrior.
You claw the orc warrior, but do no damage.
The orc warrior is lightly wounded.
You hear a shout!
The orc warrior hits you with a +2 vorpal battleaxe.
The orc warrior hits you with a +2 vorpal battleaxe!
* * * LOW HITPOINT WARNING * * *
x2 A red film seems to cover your vision as you go berserk!
You feel yourself moving faster!
You feel mighty! The orc hits you but does no damage.
The orc warrior hits you with a +2 vorpal battleaxe!
* * * LOW HITPOINT WARNING * * *
You die...

...### #
#+#.....
#.#.###.#...#
#...........#
#.......<...#
#.#.###.#.#.#
....###.#.#.#
#.......o...#
#.#####@#.#....
#o#.##### #.#.#
#.#.# ... #..
###


You could see an orc warrior and an orc.

Vanquished Creatures
  A necrophage (D:5)
  An ogre (D:4)
  An orc priest (D:4)
  2 jellies
  A gnoll shaman (D:5)
  2 iguanas
  An orc wizard (D:4)
  A scorpion zombie (D:5)
  A killer bee zombie (D:5)
  A hound skeleton (D:4)
  9 gnolls (D:5)
  5 adders
  A white imp (D:5)
  2 worms (D:4)
  3 dart slugs
  8 orcs
  8 ball pythons
  8 endoplasms
  6 giant cockroaches
  7 hobgoblins
  5 jackals
  7 kobolds
  3 quokkas
  6 bats
  7 frilled lizards
  12 goblins
  4 rats
113 creatures vanquished.

Vanquished Creatures (others)
  11 plants (D:5)
11 creatures vanquished.

Grand Total: 124 creatures vanquished

Notes
Turn   | Place    | Note
-------+----------+-------------------------------------------
     0 | D:1      | Kinoniko the Demonspawn Berserker began the quest for the
                  | Orb.
     0 | D:1      | Reached XP level 1. HP: 18/18 MP: 1/1
    83 | D:1      | Reached skill level 3 in Axes
   181 | D:1      | Gained mutation: You have sharp toenails. [demonic
                  | ancestry]
   181 | D:1      | Reached XP level 2. HP: 18/24 MP: 2/2
   648 | D:1      | Reached ** piety under Trog
   667 | D:1      | Gained mutation: You have razor-sharp toenails. [demonic
                  | ancestry]
   667 | D:1      | Reached XP level 3. HP: 29/29 MP: 3/3
   997 | D:2      | Reached skill level 4 in Axes
  1654 | D:2      | Reached *** piety under Trog
  1655 | D:2      | Gained mutation: You are surrounded by a mild repulsion
                  | field. (EV +2) [demonic ancestry]
  1655 | D:2      | Reached XP level 4. HP: 35/35 MP: 4/4
  2559 | D:3      | Found a burning altar of Makhleb.
  2567 | D:3      | Found a faded altar of an unknown god.
  2569 | D:3      | Found a snail-covered altar of Cheibriados.
  2571 | D:3      | Found an ancient bone altar of Kikubaaqudgha.
  2766 | D:4      | Reached skill level 5 in Axes
  2768 | D:4      | Reached XP level 5. HP: 41/41 MP: 5/5
  2956 | D:4      | Found a staircase to the Ecumenical Temple.
  3085 | D:4      | Reached skill level 6 in Axes
  3213 | D:4      | Noticed an ogre
  3222 | D:4      | Killed an ogre
  3223 | D:4      | Reached XP level 6. HP: 47/47 MP: 6/6
  3579 | D:4      | Reached **** piety under Trog
  3672 | D:5      | Entered Level 5 of the Dungeon
  4432 | D:5      | Reached skill level 7 in Axes
  4670 | D:5      | Reached XP level 7. HP: 38/52 MP: 7/7
  5104 | D:5      | HP: 1/52 [gnoll (10)]
  6024 | D:6      | HP: 2/78 [orc warrior (16)]
  6024 | D:6      | Slain by an orc warrior

Illustrated notes

Levels and vault maps discovered:
D:1:      nzn_arrival_settlement, layout_rooms, hangedman_feature_mirror
D:2:      cheibrodos_old_hovel, layout_loops_ring
D:3:      layout_loops_corners, chequers_temple_overflow_minitemple,
          bh_walls_and_bars
D:4:      layout_rooms, minmay_temple_entry_statues_pillars, minmay_puff
D:5:      wad_lake_hut, layout_basic
D:6:      layout_basic, minmay_crystal_water

Skill      XL: |  1  2  3  4  5  6 |
---------------+-------------------+-----
Axes           | 3 4 5 6 7 |  7.9
Fighting       | |  3.0
Armour         | |  1.7
Dodging        | |  1.7

Action                   |  1- 3 |  4- 6 |  7- 9 || total
-------------------------+-------+-------+-------++-------
Melee: Hand axe          |   118 |    96 |       ||   214
       Kick              |    28 |    33 |     5 ||    66
       War axe           |       |    52 |    34 ||    86
Invok: Berserk           |     1 |     3 |     3 ||     7
  Use: Scroll            |       |     8 |       ||     8
 Stab: Sleeping          |     3 |       |       ||     3
Armor: Animal skin       |    20 |       |       ||    20
       Ring mail         |    21 |     2 |       ||    23
       Chain mail        |       |    69 |    12 ||    81
Dodge: Dodged            |    75 |    64 |    14 ||   153
